 Dungeon Crawl Stone Soup version 0.27-a0-1202-ge72e49191c (webtiles) character file.

Game seed: 13364923853622436064

90 kae the Skirmisher (level 4, -2/37 HPs)
             Began as a Demonspawn Abyssal Knight on June 3, 2021.
             Was a Follower of Lugonu.
             Killed by divine providence
             ... invoked by an orc priest
              (13 damage)
             ... on level 3 of the Dungeon.
             The game lasted 00:01:52 (3410 turns).

kae the Skirmisher (Demonspawn Abyssal Knight)      Turns: 3410, Time: 00:01:53

Health: -2/37      AC:  6    Str: 14    XL:     4   Next: 32%
Magic:  5/5        EV: 11    Int: 13    God:    Lugonu [*.....]
Gold:   104        SH:  0    Dex: 12    Spells: 3/3 levels left

rFire    . . .     SeeInvis .   a - +2 falchion
rCold    . . .     Faith    .   (no shield)
rNeg     . . .     Spirit   .   b - +1 leather armour
rPois    .         Reflect  .   (no helmet)
rElec    .         Harm     .   l - +1 cloak
rCorr    .         Rampage  .   (no gloves)
Will     .....                  (no boots)
Stlth    +.........             (no amulet)
HPRegen  0.12/turn              (no ring)
MPRegen  0.09/turn              (no ring)

@: attractive, hasted, very quick
A: hooves 2
a: Renounce Religion, Depart the Abyss


You were on level 3 of the Dungeon.
You worshipped Lugonu.
Lugonu was aware of your devotion.
You visited 1 branch of the dungeon, and saw 3 of its levels.
You visited the Abyss 1 time.

You collected 104 gold pieces.

Inventory:

Hand Weapons
 a - a +2 falchion (weapon)
Armour
 b - a +1 leather armour (worn)
 l - a +1 cloak (worn)
Scrolls
 d - 2 scrolls of identify
 g - a scroll of noise {unknown}
 h - a scroll of silence {unknown}
Potions
 c - a potion of attraction
 f - a potion of invisibility {unknown}
 i - 3 potions of curing {unknown}
 j - a potion of flight {unknown}
 k - a potion of lignification {unknown}
 m - a potion of might {unknown}


   Skills:
 + Level 3.8 Fighting
 * Level 3.6 Long Blades
 - Level 1.7 Armour
 - Level 0.8 Dodging
 - Level 2.4 Invocations


You had 3 spell levels left.
You didn't know any spells.
Your spell library was empty.

Dungeon Overview and Level Annotations

Branches:
Dungeon (3/15)

Altars:


Innate Abilities, Weirdness & Mutations

You have hoof-like feet.


Message History

You start waiting.
An orc is nearby!
You start waiting.
Done waiting.
There is an open door here.
There is an open door here.
Things that are here:
a +0 club; a goblin corpse
Things that are here:
a +0 club; a goblin corpse The orc priest shouts!
An orc wizard comes into view. It is wielding a +0 dagger.
Found a stone staircase leading down.
It was a potion of attraction.
You feel attractive to monsters.
As you read the scroll labelled RAQYAKLEPH, it crumbles to dust.
It is a scroll of identify.
e - a potion of haste The orc wizard is pulled toward you!
You feel yourself speed up.
The orc wizard points at you and mumbles some strange words.
You resist with some effort.
You barely miss the orc wizard.
The orc priest calls down the wrath of Beogh upon you.
Beogh smites you!
The orc wizard hits you but does no damage.
You hit the orc wizard. Your kick misses the orc wizard.
The orc wizard is moderately wounded.
The orc wizard hits you with a +0 dagger.
You hit the orc wizard.
The orc wizard is heavily wounded.
You hit the orc wizard but do no damage.
You kick the orc wizard.
The orc wizard is almost dead.
The orc wizard casts a spell at you. The puff of flame hits you!
* * * LOW HITPOINT WARNING * * *
The orc priest mumbles some strange prayers to Beogh against you.
Beogh smites you!
You die...

########### #.........#
#.........# #
####.........#
#.####............#
...#@...)##########
##..##.#oo.†.######...###
.>.oo........'....'......
##.....#.....######...##.
....########## #...##.
##. ##### #...### #...#
#...# # #...# #...# #
#...# #...###


You could see an orc priest and an orc wizard.

Vanquished Creatures
  2 gnolls
  2 adders
  A worm (D:3)
  An orc (D:3)
  6 bats
  8 endoplasms
  3 giant cockroaches
  6 goblins
  4 hobgoblins
  A jackal (D:2)
  A quokka (D:2)
  A ball python (D:2)
  5 kobolds
  4 rats
45 creatures vanquished.

Notes
Turn   | Place    | Note
-------+----------+-------------------------------------------
     0 | Abyss:1  | kae the Demonspawn Abyssal Knight began the quest for the
                  | Orb.
     0 | Abyss:1  | Reached XP level 1. HP: 18/18 MP: 2/2
   297 | Abyss:1  | Noticed a smoke demon
   299 | D:1      | Escaped the Abyss
   866 | D:1      | Gained mutation: You have large cloven feet. [demonic
                  | ancestry]
   866 | D:1      | Reached XP level 2. HP: 21/24 MP: 3/3
  1826 | D:2      | Reached * piety under Lugonu
  1835 | D:2      | Gained mutation: You have hoof-like feet. [demonic
                  | ancestry]
  1835 | D:2      | Reached XP level 3. HP: 16/29 MP: 4/4
  2084 | D:2      | Found a faded altar of an unknown god.
  2942 | D:3      | Reached XP level 4. HP: 33/37 MP: 5/5
  3410 | D:3      | Killed from afar by an orc priest

Illustrated notes

Levels and vault maps discovered:
D:1:      dpeg_chamrin_arrival_tetris, layout_basic
D:2:      layout_loops_ring, chequers_ecumenical_altar_island,
          chequers_serial_rivers_room_b, minmay_quantized
D:3:      layout_basic

Skill      XL: |  1  2  3 |
---------------+----------+-----
Long Blades    | 2 3 |  3.6
Fighting       | |  3.8
Armour         | |  1.7
Dodging        | |  0.8
Invocations    | |  2.4

Action                   |  1- 3 |  4- 6 || total
-------------------------+-------+-------++-------
Melee: Falchion          |    90 |    26 ||   116
       Kick              |    24 |    11 ||    35
Invok: Depart the Abyss  |     1 |       ||     1
  Use: Scroll            |     5 |     1 ||     6
       Potion            |       |     2 ||     2
 Stab: Sleeping          |     1 |       ||     1
Armor: Leather armour    |    22 |     8 ||    30
Dodge: Dodged            |    60 |    10 ||    70
       Rpst.: Falchion   |    25 |     2 ||    27

Table legend: (Time is in decaauts)
 A = Elapsed time spent in this place.
 B = Non-inter-level travel time spent in this place.
 C = Inter-level travel time spent in this place.
 D = Time resting spent in this place.
 E = Time spent auto-exploring this place.
 F = Levels seen in this place.
 G = Mean time per level.
                   A        B        C        D        E       F      G
               +--------+--------+--------+--------+--------+-----+--------+
         Total |   3433 |   3361 |     72 |    856 |   2101 |   4 |  858.2 |
       Dungeon |   3134 |   3062 |     72 |    698 |   1992 |   3 | 1044.7 |
         Abyss |    299 |    299 |      0 |    158 |    109 |   1 |  299.0 |
               +--------+--------+--------+--------+--------+-----+--------+

Top non-repeatable levels by time:
     D:2: 1170 daAuts
     D:1: 1137 daAuts
     D:3: 826 daAuts
 Abyss:1: 299 daAuts
